 Dungeon Crawl Stone Soup version 0.24.0-10-g970556be89 (webtiles) character file.

Game seed: 10218593713547095119, levelgen mode: deterministic

72 Arixos the Skirmisher (level 4, 0/35 HPs)
             Began as a Demonspawn Monk on Nov 3, 2019.
             Slain by Robin
             ... wielding a +0 spear
              (3 damage)
             ... on level 1 of the Dungeon.
             The game lasted 00:04:49 (1602 turns).

Arixos the Skirmisher (Demonspawn Monk)             Turns: 1602, Time: 00:04:49

Health: 0/35       AC:  6    Str: 13    XL:     4   Next: 7%
Magic:  0/4        EV: 10    Int: 11    God:
Gold:   65         SH:  0    Dex: 15    Spells: 3/3 levels left

rFire    . . .     SeeInvis .     - Unarmed
rCold    . . .     Gourm    .   (no shield)
rNeg     . . .     Faith    .   e - +0 scale mail
rPois    .         Spirit   +   (no helmet)
rElec    .         Reflect  .   (no cloak)
rCorr    .         Harm     .   (no gloves)
MR       .....                  (no boots)
Stlth    ..........             (no amulet)
HPRegen  0.11/turn              (no ring)
MPRegen  0.18/turn              (no ring)

@: drained
A: demonic guardian 1, magic shield, magic regeneration
a: no special abilities


You were on level 1 of the Dungeon.
You were hungry.

You visited 1 branch of the dungeon, and saw 2 of its levels.

You collected 65 gold pieces.

Inventory:

Armour
 e - a +0 scale mail (worn)
Scrolls
 c - a scroll of identify {unknown}
 d - a scroll of random uselessness {unknown}
 f - 2 scrolls of enchant weapon {unknown}
 g - a scroll of fog {unknown}
 i - a scroll of blinking {unknown}
Potions
 a - a potion of degeneration {unknown}
Comestibles
 b - a ration
 h - a chunk of flesh


   Skills:
 + Level 3.5(2.8) Fighting
 + Level 1.4(0.7) Armour
 + Level 3.2(2.5) Dodging
 - Level 1.7(1.0) Stealth
 + Level 3.2(2.5) Unarmed Combat


You had 3 spell levels left.
You didn't know any spells.
Your spell library was empty.

Dungeon Overview and Level Annotations

Branches:
Dungeon (2/15)

Altars:

Annotations:
D:1 Robin


Innate Abilities, Weirdness & Mutations

A weak demonic guardian rushes to your aid.
When hurt, damage is shared between your health and your magic reserves.
You regenerate magic rapidly.


Message History

You barely miss Robin.
Robin is heavily wounded.
Robin hits you but does no damage.
You hit Robin.
Robin is heavily wounded.
Robin hits you with a +0 spear.
* * * LOW HITPOINT WARNING * * *
You hit Robin.
Robin is heavily wounded.
Robin hits you with a +0 spear.
* * * LOW HITPOINT WARNING * * *
You barely miss Robin.
Robin is heavily wounded.
Robin hits you with a +0 spear.
* * * LOW HITPOINT WARNING * * *
You hit Robin but do no damage.
Robin is heavily wounded.
Robin says, "My goblins will feast on your bones."
Robin hits you with a +0 spear.
You die...

.....#### #.# ........# #.#
############ #..#.##.# #.#
#..........#
......#.####.###.########.#
#..#..........##.# #.#
..............##.# #.#
####)#######..##.# #.# #
#.# #..##.# #.#
#.#######.)##@# #.#
#.........))g†# #.#
#.#######>.######### #.#
#.# #..........# #.# #.#
#...######)# #.# #.# ###.#
#.# #.# #.# #.# #.# #.#
####.#########.# #.###.#
...............# #.#...#


You could see Robin.

Vanquished Creatures
  Terence (D:2)
  An ooze (D:1)
  A leopard gecko (D:1)
  5 giant cockroaches
  12 goblins
  11 hobgoblins
  A ball python (D:1)
  2 bats (D:1)
  A frilled lizard (D:1)
  A kobold (D:2)
  5 rats (D:1)
41 creatures vanquished.

Vanquished Creatures (collateral kills)
  A kobold (D:2)
1 creature vanquished.

Grand Total: 42 creatures vanquished

Notes
Turn   | Place    | Note
-------+----------+-------------------------------------------
     0 | D:1      | Arixos the Demonspawn Monk began the quest for the Orb.
     0 | D:1      | Reached XP level 1. HP: 18/18 MP: 1/1
   232 | D:1      | Gained mutation: When hurt, damage is shared between your
                  | health and your magic reserves. [demonic ancestry]
   232 | D:1      | Reached XP level 2. HP: 20/24 MP: 2/2
   527 | D:1      | Reached skill level 1 in Armour
   765 | D:1      | Gained mutation: A weak demonic guardian rushes to your
                  | aid. [demonic ancestry]
   765 | D:1      | Reached XP level 3. HP: 28/29 MP: 3/3
  1002 | D:2      | Noticed Terence
  1027 | D:2      | Killed Terence
  1043 | D:2      | Noticed Robin
  1534 | D:2      | Gained mutation: You regenerate magic rapidly. [demonic
                  | ancestry]
  1534 | D:2      | Reached XP level 4. HP: 32/35 MP: 4/4
  1602 | D:1      | Slain by Robin

Levels and vault maps discovered:
D:1:      sevenhm_arrival_forest_fort_small_4, layout_loops_ring
D:2:      layout_rooms, marbit_many_paths, uniq_robin, uniq_terence

Skill      XL: |  1  2 |
---------------+-------+-----
Dodging        | 3 |  3.2
Armour         | 1 |  1.4
Unarmed Combat | 3 |  3.2
Fighting       | |  3.5
Stealth        | |  1.7

Action                   |  1- 3 |  4- 6 || total
-------------------------+-------+-------++-------
Melee: Unarmed           |   185 |    39 ||   224
       Punch             |     4 |       ||     4
 Stab: Sleeping          |     1 |       ||     1
       Distracted        |     1 |       ||     1
  Eat: Chunk             |     1 |     1 ||     2
Armor: Ring mail         |    25 |       ||    25
       Robe              |     1 |       ||     1
       Scale mail        |    44 |    13 ||    57
Dodge: Dodged            |    89 |    21 ||   110
